[Event "Early-Titled-Tuesday-Blitz-January-16-2024"]
[Site "Chess.com"]
[Date "2024.01.16"]
[Round "9"]
[White "Martial2008"]
[Black "CristianS27"]
[Result "1-0"]
[WhiteElo "2737"]
[BlackElo "2616"]
[TimeControl "180+1"]
[EndTime "9:46:26 PST"]
[Termination "Martial2008 won by resignation"]

1. d4 Nf6 2. Nf3 g6 3. Bg5 Bg7 4. Nbd2 O-O 5. c3 d6 6. e4 c5 7. dxc5 dxc5 8. Be2 Nc6 9. O-O h6 10. Bh4 Nh5 11. Qc2 Qc7 12. Rad1 b6 13. Nc4 Bb7 14. Ne3 Rad8 15. Nd5 Qb8 16. Nxe7+ Nxe7 17. Bxe7 Rxd1 18. Rxd1 Re8 19. Bd6 Bxe4 20. Qa4 Qa8 21. Bb5 Bxf3 22. gxf3 Rd8 23. Bg3 Rd5 24. Rxd5 Qxd5 25. Bc6 Qg5 26. Qxa7 Nf4 27. Qb8+ 1-0

[Event "Early-Titled-Tuesday-Blitz-January-16-2024"]
[Site "Chess.com"]
[Date "2024.01.16"]
[Round "9"]
[White "tusplingher"]
[Black "RodokininEV"]
[Result "0-1"]
[WhiteElo "2479"]
[BlackElo "2610"]
[TimeControl "180+1"]
[EndTime "9:46:27 PST"]
[Termination "RodokininEV won by resignation"]

1. e4 e6 2. d4 d5 3. Nc3 Bb4 4. Ne2 Nc6 5. a3 Ba5 6. b4 Bb6 7. e5 f6 8. exf6 Nxf6 9. g3 e5 10. Bg2 Nxd4 11. O-O O-O 12. h3 c6 13. Na4 Nxe2+ 14. Qxe2 Bc7 15. Bb2 Qe7 16. Rfe1 e4 17. Nc5 h5 18. c4 h4 19. g4 Qd6 20. Red1 Qh2+ 21. Kf1 Nxg4 22. Bd4 e3 23. Bxe3 Nxe3+ 24. Qxe3 Bg3 25. Ra2 Bxh3 26. f3 Qh1+ 27. Qg1 Rxf3+ 28. Ke2 Qxg1 29. Rxg1 Rf2+ 30. Kd3 Bf5+ 31. Kc3 Rxa2 32. Rf1 Rf2 0-1

[Event "Early-Titled-Tuesday-Blitz-January-16-2024"]
[Site "Chess.com"]
[Date "2024.01.16"]
[Round "9"]
[White "AldokhinIvan"]
[Black "Happy1712Drummer"]
[Result "0-1"]
[WhiteElo "2588"]
[BlackElo "2490"]
[TimeControl "180+1"]
[EndTime "9:46:28 PST"]
[Termination "Happy1712Drummer won on time"]

1. d4 e6 2. c4 Nf6 3. Nc3 Bb4 4. f3 d5 5. a3 Be7 6. e3 O-O 7.
Bd3 c5 8. Nge2 cxd4 9. exd4 dxc4 10. Bxc4 b6 11. O-O Ba6 12. Bxa6 Nxa6 13. Qd3 Nc7 14. Be3 Qd7 15. Rad1 Rfd8 16. Rfe1 Rac8 17. Nf4 h6 18. Kh1 Bf8 19. Rd2 Ncd5 20. Nfxd5 Nxd5 21. Nxd5 Qxd5 22. Red1 b5 23. Rc2 Rc4 24. Rxc4 bxc4 25. Qc3 Rb8 26. Rc1 Rb3 0-1

[Event "Early-Titled-Tuesday-Blitz-January-16-2024"]
[Site "Chess.com"]
[Date "2024.01.16"]
[Round "9"]
[White "vi_pranav"]
[Black "Goryachkina"]
[Result "0-1"]
[WhiteElo "3007"]
[BlackElo "2696"]
[TimeControl "180+1"]
[EndTime "9:46:36 PST"]
[Termination "Goryachkina won by resignation"]

1. e4 c5 2. Nf3 e6 3. b3 Nc6 4. Bb2 Nf6 5. e5 Nd5 6. Nc3 Nxc3 7. dxc3 Qc7 8. Qe2 h6 9. h4 b6 10.
O-O-O Bb7 11. h5 O-O-O 12. c4 Be7 13. Kb1 Rhe8 14. Rh3 f5 15. Nh4 Nd4 16. Bxd4 cxd4 17. Rxd4 Bc5 18. Rd1 d6 19. exd6 Bxd6 20. Ng6 Kb8 21. Rhd3 Be4 22. Rd4 Bc5 23. Rxd8+ Rxd8 24. Rxd8+ Qxd8 25. f3 Qd4 0-1

[Event "Early-Titled-Tuesday-Blitz-January-16-2024"]
[Site "Chess.com"]
[Date "2024.01.16"]
[Round "9"]
[White "McCarthyStone"]
[Black "pooh2012"]
[Result "0-1"]
[WhiteElo "2296"]
[BlackElo "2521"]
[TimeControl "180+1"]
[EndTime "9:46:36 PST"]
[Termination "pooh2012 won by resignation"]

1. Nf3 Nf6 2. b3 a5 3. a4 d6 4.
Bb2 Nbd7 5. g3 c6 6. Bg2 g6 7. O-O Bg7 8. d4 O-O 9. Nbd2 Qc7 10. e4 Re8 11. Re1 e5 12. Nc4 exd4 13. Nxd4 Nc5 14. f3 Rd8 15. Qe2 Be6 16. Nxe6 Nxe6 17. Rad1 d5 18.
exd5 Nxd5 19. Bxg7 Kxg7 20. c3 b5 21. axb5 cxb5 22. f4 bxc4 23. Bxd5 Qc5+ 24. Kg2 Rxd5 25. Rxd5 Qxd5+ 26. Kh3 cxb3 27. c4 Qf5+ 28. Kg2 Qc2 29.
Qxc2 bxc2 30. Rc1 Nd4 31. Kf2 Re8 32. c5 a4 33. c6 a3 34. c7 a2 35. Ra1 Nb3 36.
Rxa2 c1=Q 37. Re2 Rxe2+ 38. Kxe2 Qxc7 0-1

[Event "Early-Titled-Tuesday-Blitz-January-16-2024"]
[Site "Chess.com"]
[Date "2024.01.16"]
[Round "9"]
[White "Nuvas"]
[Black "SnekkerAndersen"]
[Result "1-0"]
[WhiteElo "2793"]
[BlackElo "2642"]
[TimeControl "180+1"]
[EndTime "9:46:38 PST"]
[Termination "Nuvas won by resignation"]

1. d4 d5 2. c4 e6 3. Nc3 Nf6 4. cxd5 exd5 5. Bg5 Be7 6. e3 c6 7. Bd3 Nbd7 8. h3 h6 9. Bf4 O-O 10. Nf3 Ne8 11. Qc2 Bd6 12. Ne5 Bxe5 13. dxe5 Qe7 14.
O-O-O Nxe5 15. Be2 Nd6 16. g4 Bd7 17. e4 Nxe4 18. Nxe4 dxe4 19. Bxe5 Qxe5 20. Rxd7 Qf4+ 21. Kb1 Qxf2 22. Rxb7 Rab8 23. Rxb8 Rxb8 24. Rf1 Qd4 25. Bc4 e3 26. Bxf7+ Kh8 27. Bg6 a5 28. Kc1 a4 29.
Rd1 Qb4 30. Qc3 e2 31. Rd8+ Rxd8 32. Qxb4 a3 33. bxa3 c5 34. Qe1 1-0

[Event "Early-Titled-Tuesday-Blitz-January-16-2024"]
[Site "Chess.com"]
[Date "2024.01.16"]
[Round "9"]
[White "whitemirrorninja"]
[Black "Buzhizhebuguai"]
[Result "0-1"]
[WhiteElo "2502"]
[BlackElo "2676"]
[TimeControl "180+1"]
[EndTime "9:46:39 PST"]
[Termination "Buzhizhebuguai won by resignation"]

1. b3 d5 2. Bb2 c6 3. c4 Nf6 4.
Nf3 Bf5 5. e3 e6 6. Nc3 Nbd7 7.
Be2 h6 8. O-O Bd6 9. Rc1 O-O 10.
d3 Bh7 11. Re1 a5 12. Bf1 Qe7 13. Rc2 Nc5 14. Rce2 Rfd8 15. Rd2 Qf8 16. d4 Nce4 17. Nxe4 Nxe4 18. Rde2 a4 19. Nd2 Bb4 20. Nxe4 Bxe4 21. f3 Bh7 22. bxa4 Bxe1 23. Rxe1 Qb4 24. Re2 Qxc4 25. Qb3 Qxa4 26. Qxb7 Rdb8 27. Qd7 Bd3 28. Rd2 Bxf1 29. Kxf1 Qc4+ 30. Kf2 Rxa2 31. Bc3 Rxd2+ 32. Bxd2 Rb2 33. Qe8+ Kh7 34. Qxf7 Rxd2+ 35. Kg3 Qc2 36.
Qxe6 Rxg2+ 37. Kf4 Qg6 38. Qe7 Qf6+ 0-1

[Event "Early-Titled-Tuesday-Blitz-January-16-2024"]
[Site "Chess.com"]
[Date "2024.01.16"]
[Round "9"]
[White "GeorgiosSouleidis"]
[Black "dropstoneDP"]
[Result "0-1"]
[WhiteElo "2677"]
[BlackElo "3016"]
[TimeControl "180+1"]
[EndTime "9:46:40 PST"]
[Termination "dropstoneDP won on time"]

1. e4 e5 2. Nf3 Nf6 3. Nxe5 d6 4. Nf3 Nxe4 5. d3 Nf6 6. d4 d5 7. Bd3 c5 8. O-O c4 9. Re1+ Be7 10. Bf1 O-O 11. b3 cxb3 12. axb3 Nc6 13. Ne5 Bf5 14. Nxc6 bxc6 15. Nc3 Bb4 16. Bd2 a5 17. Na4 Ne4 18. Bxb4 axb4 19. Bd3 Qf6 20. Bxe4 Bxe4 21. f3 Bg6 22.
Qd2 Rfe8 23. Qxb4 Bxc2 24. Nc5 Rxa1 25. Rxa1 h5 26. Qd2 Bf5 27. Qf4 g5 28. Qd2 Kg7 29. h3 Re2 30. Qc3 g4 31. fxg4 hxg4 32. Rf1 gxh3 33. Qg3+ Qg6 34. Qxg6+ fxg6 35. gxh3 Bxh3 36. Ra1 Rd2 37. Ra7+ Kh6 38. Rc7 Rxd4 39. Rxc6 Rd2 40. b4 Rg2+ 41. Kh1 Rb2 42. Rb6 d4 43. Nd3 Rb3 44. Nf4 Bf5 45. Kg1 Kg5 46. Ne6+ Bxe6 47. Rxe6 Rxb4 48. Kf2 Kf5 49. Re8 g5 50. Ke2 Rb3 0-1

[Event "Early-Titled-Tuesday-Blitz-January-16-2024"]
[Site "Chess.com"]
[Date "2024.01.16"]
[Round "9"]
[White "igorkovalenko"]
[Black "pavet"]
[Result "1/2-1/2"]
[WhiteElo "2984"]
[BlackElo "2785"]
[TimeControl "180+1"]
[EndTime "9:46:41 PST"]
[Termination "Game drawn by repetition"]

1. e4 e5 2. Nf3 Nc6 3. Bb5 a6 4. Ba4 Nf6 5. O-O b5 6. Bb3 Bb7 7. a4 Bc5 8. d3 d6 9. axb5 axb5 10. Rxa8 Bxa8 11. Nc3 b4 12. Nd5 Nxd5 13. Bxd5 Ne7 14.
Bb3 O-O 15. Kh1 Ng6 16. Ng5 h6 17. Qh5 d5 18. Nxf7 Kxf7 19. f4 exf4 20. Rxf4+ Kg8 21. Qxg6 Bd6 22. Rf5 Rxf5 23. Qxf5 Qh4 24. g3 Bxg3 25.
h3 Bd6 26. Kg2 Qe1 27. Bf4 Qe2+ 28. Kg3 Qe3+ 29. Kg4 Qe2+ 30. Kg3 Qe3+ 31. Kg4 Qe2+ 32. Kg3 1/2-1/2

[Event "Early-Titled-Tuesday-Blitz-January-16-2024"]
[Site "Chess.com"]
[Date "2024.01.16"]
[Round "9"]
[White "platy3"]
[Black "Oleksandr_Bortnyk"]
[Result "0-1"]
[WhiteElo "2893"]
[BlackElo "3096"]
[TimeControl "180+1"]
[EndTime "9:46:42 PST"]
[Termination "Oleksandr_Bortnyk won by resignation"]

1. Nf3 Nf6 2. b3 g6 3. Bb2 Bg7 4. g3 b6 5. Bg2 Bb7 6. O-O O-O 7. c4 e6 8. d4 d5 9. Nbd2 Na6 10.
Rc1 Qe7 11. e3 c5 12. Qe2 Rfd8 13. cxd5 exd5 14. Rfd1 Rac8 15. Ne5 Nb4 16. a3 Ba6 17. Qe1 Nd3 18. Nxd3 Bxd3 19. dxc5 bxc5 20. Nf3 Be4 21.
Qa5 h5 22. b4 c4 23. Bd4 Ng4 24. Qxa7 Qxa7 25. Bxa7 Bb2 26. b5 c3 27. Nd4 c2 28.
Re1 Bxc1 29. Rxc1 Ne5 30. b6 Bxg2 31. Kxg2 Nd3 0-1

[Event "Early-Titled-Tuesday-Blitz-January-16-2024"]
[Site "Chess.com"]
[Date "2024.01.16"]
[Round "9"]
[White "AryanTari"]
[Black "FormerProdigy"]
[Result "0-1"]
[WhiteElo "2937"]
[BlackElo "3018"]
[TimeControl "180+1"]
[EndTime "9:46:46 PST"]
[Termination "FormerProdigy won by resignation"]

1. e4 c6 2. d4 d5 3. exd5 cxd5 4. Bd3 Nc6 5. c3 Nf6 6. Bf4 Bg4 7. Qb3 Qd7 8. Nd2 e6 9. Ngf3 Bd6 10. Bxd6 Qxd6 11. O-O O-O 12. Rae1 Rfb8 13. Ne5 b5 14. Qc2 Bh5 15. b4 a5 16. a3 axb4 17. axb4 Bg6 18. Nxg6 hxg6 19. Nb3 e5 20. dxe5 Nxe5 21. Nd4 Nfg4 22.
g3 Nxd3 23. Qxd3 Ne5 24. Qe2 Nc4 25. Ra1 Qd7 26. Rxa8 Rxa8 27. Re1 Nd6 28. Qd3 Re8 29. Rxe8+ Qxe8 30. f3 Qe1+ 31. Kg2 Nc4 32. Nxb5 Ne3+ 33.
Kh3 Qf2 0-1

[Event "Early-Titled-Tuesday-Blitz-January-16-2024"]
[Site "Chess.com"]
[Date "2024.01.16"]
[Round "9"]
[White "topce"]
[Black "missponyo10"]
[Result "1-0"]
[WhiteElo "2371"]
[BlackElo "2258"]
[TimeControl "180+1"]
[EndTime "9:46:47 PST"]
[Termination "topce won by resignation"]

1. e4 c5 2. Nf3 d6 3. Bb5+ Bd7 4. a4 Nc6 5. O-O g6 6. Re1 Bg7 7. c3 Nf6 8. d4 cxd4 9. cxd4 O-O 10. Nc3 a6 11. Bf1 Rc8 12. h3 Qc7 13. Bg5 e6 14. Rc1 Qb6 15. Qd2 Na5 16. Rb1 Nb3 17. Qf4 Nh5 18. Qe3 Nxd4 19. Kh1 e5 20. Nd5 Qa5 21. Ne7+ Kh8 22. Nxc8 Bxc8 23. Nxd4 exd4 24. Qd2 Qxa4 25.
Rbc1 Qd7 26. Bc4 f6 27. Bh6 g5 28. Bxg7+ Kxg7 29. Qxd4 Nf4 30. Bf1 h5 31. Red1 Rd8 32.
Qc3 g4 33. Qc7 gxh3 34. Qxd7+ Bxd7 35. g3 Ne6 36. Rxd6 Kf7 37. Rcd1 Ke7 38. Bxh3 Bc8 39. Rxd8 Nxd8 40. Bxc8 1-0

[Event "Early-Titled-Tuesday-Blitz-January-16-2024"]
[Site "Chess.com"]
[Date "2024.01.16"]
[Round "9"]
[White "JMCadavid1998"]
[Black "Mops_2004"]
[Result "1-0"]
[WhiteElo "2284"]
[BlackElo "2669"]
[TimeControl "180+1"]
[EndTime "9:46:48 PST"]
[Termination "JMCadavid1998 won by resignation"]

1. d4 d5 2. Nf3 Nf6 3. c4 e6 4. Nc3 a6 5. cxd5 exd5 6. Bg5 Be6 7. Bxf6 Qxf6 8. Qb3 Ra7 9. h4 Bd6 10. g3 h6 11. Bh3 O-O 12. Nxd5 Bxd5 13. Qxd5 Nc6 14. Rd1 Bb4+ 15. Kf1 Raa8 16. Kg2 Rad8 17. Qc4 b5 18.
Qb3 Qe7 19. e3 Na5 20. Qc2 Bd6 21. Bf5 c5 22. dxc5 Bxc5 23. Rxd8 Rxd8 24. Rd1 Rxd1 25. Qxd1 Nc4 26. b3 Nd6 27. Bc2 Qb7 28. Qd3 f5 29.
Qd1 Kf8 30. Kg1 Ke7 31. h5 Ke6 32. Nh4 Qd5 33. Bxf5+ Nxf5 34. Qxd5+ Kxd5 35. Nxf5 Ke4 36. Nxg7 Kd3 37. Nf5 Bf8 38. g4 Kc2 39. g5 hxg5 40.
h6 Bxh6 41. Nxh6 b4 42. e4 1-0

[Event "Early-Titled-Tuesday-Blitz-January-16-2024"]
[Site "Chess.com"]
[Date "2024.01.16"]
[Round "9"]
[White "BelyakovBogdan"]
[Black "Lennis93"]
[Result "1-0"]
[WhiteElo "2506"]
[BlackElo "2740"]
[TimeControl "180+1"]
[EndTime "9:46:54 PST"]
[Termination "BelyakovBogdan won by resignation"]

1. e4 c6 2. d4 d5 3. exd5 cxd5 4.
Bd3 Nf6 5. h3 Nc6 6. c3 g6 7.
Nf3 Bf5 8. Be2 Bg7 9. O-O h5 10. Bf4 e6 11. Nbd2 O-O 12. Re1 Re8 13. Bf1 Ne4 14.
Nxe4 dxe4 15. Nd2 e5 16. dxe5 Bxe5 17. Bxe5 Rxe5 18. Nc4 Rd5 19. Qb3 Na5 20. Nxa5 Rxa5 21. Qxb7 Rb8 22. Red1 Qe8 23. Qc7 Re5 24. b3 e3 25.
fxe3 Rxe3 26. Qxa7 Rxc3 27. Re1 Qc8 28. Re7 Rb7 29.
Rxb7 Kg7 30. Rxf7+ Kh6 31. Rh7+ Kg5 32. Qe7+ Kf4 33.
Re1 Qc5+ 34. Qxc5 Rxc5 35. Rhe7 Ra5 36. R7e2 h4 37. Rf2+ Kg5 38. b4 Ra3 39. b5 Rc3 40.
Rb2 1-0

[Event "Early-Titled-Tuesday-Blitz-January-16-2024"]
[Site "Chess.com"]
[Date "2024.01.16"]
[Round "9"]
[White "maximnovik"]
[Black "campochess"]
[Result "1-0"]
[WhiteElo "2520"]
[BlackElo "2152"]
[TimeControl "180+1"]
[EndTime "9:46:55 PST"]
[Termination "maximnovik won by resignation"]

1. e4 c5 2. Nf3 Nc6 3. Bb5 e5 4. O-O Nge7 5. c3 a6 6. Ba4 d6 7.
Re1 Bd7 8. d4 cxd4 9. cxd4 exd4 10. Nxd4 Nxd4 11. Qxd4 Nc6 12. Qd1 Be7 13. Nc3 O-O 14. Bf4 Ne5 15. Bxd7 Nxd7 16. Bxd6 Bxd6 17. Qxd6 Nb6 18. Qb4 a5 19. Qb5 Ra6 20. Rad1 Qh4 21. g3 Qg4 22. Rd6 Nc8 23. Rxa6 bxa6 24. Qxa6 Ne7 25.
Qxa5 h5 26. Qc5 Ng6 27. Qf5 Rd8 28. Qxg4 hxg4 29. Rd1 Rb8 30. b3 Ne5 31. Nd5 Kh8 32. Kg2 Rc8 33. Ne3 g6 34. h3 gxh3+ 35. Kxh3 Kg7 36.
Kg2 Rc3 37. Rd2 Nc6 38. Rc2 Rxc2 39. Nxc2 Kf6 40. f4 Ke6 41. Kf3 Kd6 42. b4 Nd8 43. a4 Kc6 44. Ke3 Ne6 45. Nd4+ 1-0

[Event "Early-Titled-Tuesday-Blitz-January-16-2024"]
[Site "Chess.com"]
[Date "2024.01.16"]
[Round "9"]
[White "forevery0ung"]
[Black "artooon"]
[Result "0-1"]
[WhiteElo "2843"]
[BlackElo "2975"]
[TimeControl "180+1"]
[EndTime "9:46:58 PST"]
[Termination "artooon won by resignation"]

1. e4 e5 2. Nf3 Nc6 3. d4 exd4 4. Nxd4 Nf6 5. Nxc6 bxc6 6. Bd3 d5 7. exd5 cxd5 8. O-O Be7 9. c4 d4 10. Bg5 O-O 11. Nd2 Bb7 12. Nf3 c5 13. Re1 h6 14.
Bh4 Qc7 15. Ne5 Rae8 16. Qc2 Bd6 17. Bxf6 Bxe5 18. Bxe5 Rxe5 19. Rxe5 Qxe5 20. Qd2 Re8 21.
b4 cxb4 22. Qxb4 Bc6 23. Qd2 h5 24. h4 g6 25. Rb1 Kg7 26. Kf1 Qh2 27. f3 Bxf3 28.
Qf2 Re3 29. gxf3 Qh1+ 30. Qg1 Qh3+ 0-1

[Event "Early-Titled-Tuesday-Blitz-January-16-2024"]
[Site "Chess.com"]
[Date "2024.01.16"]
[Round "9"]
[White "WhiteKnight2612"]
[Black "Vesper2018"]
[Result "1-0"]
[WhiteElo "2871"]
[BlackElo "2579"]
[TimeControl "180+1"]
[EndTime "9:46:59 PST"]
[Termination "WhiteKnight2612 won on time"]

1. d4 Nf6 2. c4 g6 3. Nc3 Bg7 4. Nf3 O-O 5. g3 d6 6. Bg2 Nc6 7. d5 Na5 8. Nd2 c5 9. O-O a6 10. Qc2 Rb8 11. b3 b5 12. Rb1 Bd7 13. Bb2 Qc8 14. Rfe1 Bh3 15. Bh1 Ng4 16. Ba1 f5 17. Nd1 Bxa1 18. Rxa1 Ne5 19. f4 Ng4 20. e4 e5 21.
dxe6 Qxe6 22. Nf2 Nxf2 23. Kxf2 Qf6 24. e5 dxe5 25. Rxe5 Nc6 26. Rae1 Nxe5 27. fxe5 Qe7 28. Bd5+ Kg7 29. Qc3 f4 30. e6+ Kh6 31. Qe5 fxg3+ 32.
Kxg3 Bf5 33. Nf3 bxc4 34. bxc4 a5 35. h4 a4 36. Ng5 Rb4 37. Nf7+ Rxf7 38. exf7 Qxe5+ 39. Rxe5 Kg7 40. Re8 1-0

[Event "Early-Titled-Tuesday-Blitz-January-16-2024"]
[Site "Chess.com"]
[Date "2024.01.16"]
[Round "9"]
[White "Ducke13"]
[Black "Predo63"]
[Result "1-0"]
[WhiteElo "2342"]
[BlackElo "2477"]
[TimeControl "180+1"]
[EndTime "9:47:00 PST"]
[Termination "Ducke13 won by resignation"]

1. d4 d5 2. g3 Nf6 3. Nf3 c6 4. c4 Bf5 5. Nc3 e6 6. Nh4 Bg6 7. Qb3 Qb6 8. Nxg6 hxg6 9. c5 Qc7 10. Bf4 Qc8 11. Bg2 Nbd7 12. O-O Be7 13. Qc2 O-O 14. b4 a6 15. a4 Nh5 16. Bd2 f5 17. b5 axb5 18.
axb5 e5 19. bxc6 bxc6 20. Nxd5 Bf6 21. Nxf6+ Nhxf6 22. dxe5 Nxe5 23. Bc3 Ned7 24. Rad1 Kh7 25. Rd6 Nb8 26. Rfd1 Ra7 27. h4 Re7 28. e3 Ne4 29. h5 Nxd6 30. hxg6+ Kxg6 31. cxd6 Ref7 32. g4 Kh7 33.
gxf5 Rf6 34. Bxf6 Rxf6 35. e4 Qd7 36. e5 Qxf5 37. Be4 Rg6+ 38. Kf1 Qh3+ 39. Ke1 Qh5 40. Bxg6+ Qxg6 41. Qxg6+ Kxg6 42. d7 Nxd7 43. Rxd7 Kf5 44. Rxg7 1-0

[Event "Early-Titled-Tuesday-Blitz-January-16-2024"]
[Site "Chess.com"]
[Date "2024.01.16"]
[Round "9"]
[White "Kotofeyca"]
[Black "ClayK1ng"]
[Result "1-0"]
[WhiteElo "2415"]
[BlackElo "2291"]
[TimeControl "180+1"]
[EndTime "9:47:00 PST"]
[Termination "Kotofeyca won by resignation"]

1. d4 c6 2. c4 d6 3. Nc3 e6 4. e4 g6 5. Be3 Bg7 6. Qd2 h5 7.
O-O-O Nf6 8. f3 Nbd7 9. Nh3 a6 10. e5 dxe5 11. dxe5 Nh7 12. f4 O-O 13. Ne4 Qe7 14. c5 f6 15. exf6 Nhxf6 16. Nhg5 Nxe4 17. Nxe4 Nf6 18. Nxf6+ Qxf6 19. Bc4 Kh7 20. Rhf1 e5 21. fxe5 Qxe5 22. Rxf8 Bxf8 23. Bd4 Qc7 24. Qf2 Bh6+ 25. Kb1 Bf5+ 26. Ka1 Rd8 27. g3 Bg7 28. Rd2 Qa5 29. a3 Qa4 30. Bxg7 Rxd2 31. Qxd2 Qxc4 32. Qh6+ Kg8 33. Qh8+ Kf7 34. Qf8+ Ke6 35. Qg8+ 1-0

[Event "Early-Titled-Tuesday-Blitz-January-16-2024"]
[Site "Chess.com"]
[Date "2024.01.16"]
[Round "9"]
[White "sucof4reve"]
[Black "mbchess97"]
[Result "0-1"]
[WhiteElo "2085"]
[BlackElo "2342"]
[TimeControl "180+1"]
[EndTime "9:47:01 PST"]
[Termination "mbchess97 won by resignation"]

1. e4 c5 2. Nf3 d6 3. d4 cxd4 4. Nxd4 Nf6 5. Nc3 Nc6 6. f3 e5 7.
Nb3 Be6 8. Be3 d5 9. exd5 Nxd5 10. Nxd5 Qxd5 11. Qxd5 Bxd5 12. O-O-O O-O-O 13. c4 Be6 14.
Rxd8+ Nxd8 15. Bxa7 Nc6 16. Bc5 Kc7 17. Be2 g6 18. Rd1 Bh6+ 19. Kb1 Bf5+ 20. Ka1 Ra8 21. g4 Bc2 22. Bd6+ Kc8 23. Nc5 Bxd1 24. Bxd1 Bf4 25. h3 Nd4 26. a3 b6 27. Ne4 f5 28. Nf6 Ra7 29. Ka2 Rf7 30. Nd5 Kb7 31. Nxf4 exf4 32. Bxf4 fxg4 33. Be3 Nf5 34. Bf2 gxh3 35. Bg1 Nd4 36. Bxd4 h2 37. Bc2 h1=Q 38. Be4+ Ka7 39. c5 bxc5 40. Bxc5+ Kb8 41. a4 Qd1 42. Ka3 Rxf3+ 43.
Bxf3 Qxf3+ 44. Kb4 Kb7 45. a5 Ka6 0-1

[Event "Early-Titled-Tuesday-Blitz-January-16-2024"]
[Site "Chess.com"]
[Date "2024.01.16"]
[Round "9"]
[White "NovozhilovSemen"]
[Black "AttilaTurzo"]
[Result "1-0"]
[WhiteElo "2661"]
[BlackElo "2485"]
[TimeControl "180+1"]
[EndTime "9:47:04 PST"]
[Termination "NovozhilovSemen won on time"]

1. d4 d5 2. c4 c6 3. cxd5 cxd5 4.
Bg5 Nc6 5. Nc3 h6 6. Bh4 g5 7. Bg3 Bg7 8. e3 Nf6 9. Bd3 a6 10. Nf3 O-O 11. h4 g4 12. Ne5 Qb6 13. a3 Be6 14.
Na4 Qd8 15. Nxc6 bxc6 16. h5 Ne4 17. Bf4 Bf5 18. Nc5 g3 19. fxg3 e6 20. O-O Nxc5 21.
Bxf5 exf5 22. dxc5 Bxb2 23. Ra2 Bg7 24. Bd6 Re8 25. Rxf5 Rxe3 26. Raf2 Ra7 27. Qg4 Re4 28. Qf3 Bd4 29. Kh2 Bxf2 30. Qxf2 Re6 31. Qf4 a5 32.
Qg4+ Kh7 33. Be5 Qg8 34. Qf4 a4 35. g4 Rae7 36. g5 hxg5 37. Rxg5 Qf8 38. Qf5+ Kh6 39.
Bf4 1-0

[Event "Early-Titled-Tuesday-Blitz-January-16-2024"]
[Site "Chess.com"]
[Date "2024.01.16"]
[Round "9"]
[White "effefe"]
[Black "Quattroporte300"]
[Result "1-0"]
[WhiteElo "2315"]
[BlackElo "2435"]
[TimeControl "180+1"]
[EndTime "9:47:04 PST"]
[Termination "effefe won on time"]

1. d4 g6 2. c4 Bg7 3. Nc3 d6 4. e4 Nd7 5. Be2 Ngf6 6. Be3 O-O 7. g4 e5 8. d5 Nc5 9. f3 a5 10.
h4 h5 11. g5 Nfd7 12. Qc2 c6 13. O-O-O cxd5 14. Nxd5 a4 15. Kb1 Kh7 16. Nc3 Ra6 17.
Nb5 Qe7 18. Nh3 Ne6 19. Nf2 Ndc5 20. Rd2 Bd7 21. Rhd1 Bxb5 22. cxb5 Rb6 23. Nd3 Nd4 24. Bxd4 exd4 25. Nf4 d3 26. Bxd3 Nxd3 27. Qxd3 Qd7 28. e5 Bxe5 29. Nxh5 Rxb5 30. Nf6+ Bxf6 31. gxf6 Rf5 32.
Rh1 Rxf6 33. h5 Kg7 34. hxg6 fxg6 35. Rdh2 1-0

[Event "Early-Titled-Tuesday-Blitz-January-16-2024"]
[Site "Chess.com"]
[Date "2024.01.16"]
[Round "9"]
[White "Willi_Skibbe"]
[Black "1mbl4"]
[Result "0-1"]
[WhiteElo "2402"]
[BlackElo "2576"]
[TimeControl "180+1"]
[EndTime "9:47:07 PST"]
[Termination "1mbl4 won on time"]

1. d4 Nf6 2. Nf3 e6 3. e3 d5 4. Bd3 Bd6 5. O-O O-O 6. b3 b6 7. Bb2 Bb7 8. Nbd2 Nbd7 9. Ne5 c5 10. f4 Ne8 11. Rf2 f6 12. Qh5 f5 13. g4 Nef6 14. Qh4 Bxe5 15. g5 Ng4 16. dxe5 Nxf2 17. Qxf2 Qe8 18. Kh1 d4+ 19. Kg1 dxe3 20. Qxe3 Qh5 21.
Nc4 Qg4+ 22. Qg3 Qxg3+ 23. hxg3 Bc6 24. Nd6 Bd5 25. Bb5 Rfd8 0-1

[Event "Early-Titled-Tuesday-Blitz-January-16-2024"]
[Site "Chess.com"]
[Date "2024.01.16"]
[Round "9"]
[White "MathiasWomacka"]
[Black "UK_23"]
[Result "0-1"]
[WhiteElo "2552"]
[BlackElo "2374"]
[TimeControl "180+1"]
[EndTime "9:47:08 PST"]
[Termination "UK_23 won on time"]

1. e4 e5 2. Nf3 Nc6 3. Bb5 a6 4. Bxc6 dxc6 5. O-O Bg4 6. h3 h5 7. d3 Bd6 8. Be3 Bxf3 9. Qxf3 Ne7 10. Nd2 c5 11.
Nc4 Qd7 12. a3 f6 13. b4 cxb4 14. axb4 Bxb4 15. Rab1 a5 16. Rb3 b5 17. Nd2 Bxd2 18.
Bxd2 a4 19. Rbb1 c6 20. Bb4 Nc8 21. c3 Nd6 22. d4 Nc4 23. Rfd1 Qf7 24. d5 O-O-O 25.
dxc6 Nd2 26. Qf5+ Kc7 27. Ba5+ Kxc6 28. Bxd8 Rxd8 29. Rb2 g6 0-1

[Event "Early-Titled-Tuesday-Blitz-January-16-2024"]
[Site "Chess.com"]
[Date "2024.01.16"]
[Round "9"]
[White "yaguigor"]
[Black "NM_Antelacus"]
[Result "1-0"]
[WhiteElo "2625"]
[BlackElo "2175"]
[TimeControl "180+1"]
[EndTime "9:47:10 PST"]
[Termination "yaguigor won by resignation"]

1. Nf3 Nf6 2. c4 e6 3. Nc3 b6 4. e4 d6 5. d4 Bb7 6. Bd3 c5 7. d5 e5 8. O-O Be7 9. Kh1 Nbd7 10. Rg1 Nf8 11. Bc2 Ng6 12. Ba4+ Nd7 13. g3 O-O 14. a3 a6 15. b4 f5 16. exf5 Rxf5 17.
Bc2 Rf8 18. h4 Nf6 19. Ng5 Bc8 20. Ne6 Bxe6 21. dxe6 b5 22. h5 Nh8 23. cxb5 axb5 24.
bxc5 dxc5 25. Qxd8 Rfxd8 26. Nxb5 Nxh5 27. Be3 Nf6 28. Rgd1 Ng6 29. a4 Nf8 30. a5 Nxe6 31. Bb3 Kf8 32. Bxe6 1-0

[Event "Early-Titled-Tuesday-Blitz-January-16-2024"]
[Site "Chess.com"]
[Date "2024.01.16"]
[Round "9"]
[White "Flaccidmoves"]
[Black "SharapovEvgeny"]
[Result "1-0"]
[WhiteElo "2454"]
[BlackElo "2534"]
[TimeControl "180+1"]
[EndTime "9:47:12 PST"]
[Termination "Flaccidmoves won by resignation"]

1. c4 c5 2. g3 Nc6 3. Bg2 g6 4. Nf3 Bg7 5. O-O e5 6. Nc3 d6 7. Ne1 Be6 8. d3 Nge7 9. Nc2 d5 10. cxd5 Nxd5 11. Nxd5 Bxd5 12. Bxd5 Qxd5 13. Ne3 Qd7 14. b3 e4 15. Ba3 exd3 16. Bxc5 O-O-O 17. Rc1 Kb8 18. exd3 Qxd3 19. Qf3 f5 20. Rfd1 Qe4 21. Qxe4 fxe4 22. Rxd8+ Rxd8 23. Rc4 Nd4 24. Bxd4 Rxd4 25. Kf1 Rxc4 26. Nxc4 Bd4 27. Ke2 Kc7 28. Nd2 Kd6 29. Nxe4+ Kd5 30. Kd3 Bg7 31. f4 h5 32. Ng5 Bf6 33.
Nf3 a6 34. h3 b5 35. g4 hxg4 36. hxg4 Kc5 37. g5 Bg7 38. Nh4 Kb4 39. Nxg6 Ka3 40. f5 Kxa2 41. f6 1-0

[Event "Early-Titled-Tuesday-Blitz-January-16-2024"]
[Site "Chess.com"]
[Date "2024.01.16"]
[Round "9"]
[White "KevinGeorgeMicheal"]
[Black "ritanovikova"]
[Result "1-0"]
[WhiteElo "2229"]
[BlackElo "2161"]
[TimeControl "180+1"]
[EndTime "9:47:13 PST"]
[Termination "KevinGeorgeMicheal won by resignation"]

1. b3 Nf6 2. Bb2 g6 3. Bxf6 exf6 4. d4 Bg7 5. e3 O-O 6. Bd3 f5 7. Ne2 c5 8. O-O d5 9. Nd2 b6 10. Nf3 Bb7 11. c3 Nd7 12. Qd2 Rc8 13. Rfd1 Nf6 14. Qb2 Ne4 15. Rac1 Qe7 16. Qa3 Ba8 17. c4 Rfe8 18.
cxd5 Bxd5 19. Nf4 Ba8 20. Bb5 Red8 21. Nd3 Qb7 22. Ba6 Qc6 23. Bxc8 Rxc8 24. dxc5 Ng5 25. cxb6 Nxf3+ 26. gxf3 Bc3 27. Ne5 Qe6 28. Qd6 Qe8 29. Nd7 Bxf3 30. Rxc3 Bxd1 31. Nf6+ Kg7 32. Nxe8+ 1-0